 Dungeon Crawl Stone Soup version 0.29.0-13-gc9e81de378 (console) character file.

Game seed: 5779145284669701212

9 odiv the Sneak (level 2, -3/22 HPs)
             Began as a Demonspawn Wanderer on Sept 11, 2022.
             Slain by Sigmund
             ... wielding a +0 scythe
              (8 damage)
             ... on level 2 of the Dungeon.
             The game lasted 00:01:31 (1014 turns).

odiv the Sneak (Demonspawn Wanderer)                Turns: 1014, Time: 00:01:32

Health: -3/22      AC:  5    Str:  8    XL:     2   Next: 3%
Magic:  2/2        EV: 11    Int: 15    God:
Gold:   45         SH:  0    Dex: 14    Spells: 1/1 levels left

rFire   . . .      SeeInvis .   d - +0 dagger
rCold   . . .      Faith    .   (no shield)
rNeg    . . .      Spirit   .   g - +0 robe
rPois   .          Reflect  .   (no helmet)
rElec   .          Harm     .   i - scarf {repulsion}
rCorr   .          Rampage  .   e - +0 pair of gloves
Will    .....                   (no boots)
Stlth   +.........              (no amulet)
HPRegen 0.07/turn               (no ring)
MPRegen 0.08/turn               (no ring)

@: confused, attractive, repel missiles
A: icy blue scales 1
a: no special abilities


You were on level 2 of the Dungeon.
You visited 1 branch of the dungeon, and saw 2 of its levels.

You collected 45 gold pieces.

Inventory:

Hand Weapons
 a - a +0 hand axe
 d - a +0 dagger (weapon)
Missiles
 b - 2 atropa-tipped darts (quivered)
 c - 2 datura-tipped darts
 l - 7 stones
Armour
 e - a +0 pair of gloves (worn)
 g - a +0 robe (worn)
 i - a scarf of repulsion (worn)
Scrolls
 h - a scroll of enchant armour {unknown}
 m - 3 scrolls of poison {unknown}
 n - a scroll of identify {unknown}
Potions
 f - a potion of berserk rage
 j - a potion of lignification {unknown}


   Skills:
 + Level 2.1 Fighting
 - Level 1.0 Axes
 - Level 2.6 Armour
 - Level 1.0 Dodging
 - Level 2.6 Stealth
 - Level 1.0 Evocations


You had one spell level left.
You didn't know any spells.
Your spell library was empty.

Dungeon Overview and Level Annotations

Branches:
Dungeon (2/15)

Altars:

Annotations:
D:2 Sigmund


Innate Abilities, Weirdness & Mutations

You are partially covered in icy blue scales. (AC +2)


Message History

There is a stone staircase leading down here.
You climb downwards.
There is a stone staircase leading up here.
Found a stone staircase leading down.
A goblin comes into view. It is wielding a +0 dagger.
Sigmund the Dreaded comes into view.
He is wielding a +0 scythe.
Found an escape hatch in the floor.
The helpless goblin fails to defend itself.
You puncture the goblin!
You kill the goblin!
Sigmund points at you and mumbles some strange words.
You are confused.
You have reached level 2!
Your demonic ancestry asserts itself...
Icy blue scales grow over part of your body.
You bump into the rock wall.
Sigmund mumbles some strange words.
Sigmund flickers and vanishes!
Deactivating autopickup; reactivate with Ctrl-A.
You are more confused.
You bump into the rock wall.
A puff of flame appears from out of thin air!
The puff of flame hits you!
You bump into the rock wall.
You bump into the rock wall.
You bump into the rock wall.
Something barely misses you.
You bump into the rock wall.
You bump into the rock wall.
Something barely misses you.
You bump into the rock wall.
You feel less confused. Something hits you!
* * * LOW HITPOINT WARNING * * *
Unknown command.
It was a potion of attraction.
You feel attractive to monsters.
You hear some strange, mumbled words.
You are confused.
Something is attracted toward you. Something hits you!
You die...

#.#.#########
#...........#
.......###.#######.#
.......#...# #.#
.......#.#.# #.#
..>....#.#.# #<#
.......#.#.### ###
.......#.....#
.......###@#.#
#)ยง.....# #####.###
#.# #.# #.# #.# #.#
.#


There were no monsters in sight!

Vanquished Creatures
  2 endoplasms (D:1)
  A goblin (D:2)
  A quokka (D:1)
  A ball python (D:1)
  2 bats (D:1)
  2 rats (D:1)
9 creatures vanquished.

Notes
Turn   | Place    | Note
-------+----------+-------------------------------------------
     0 | D:1      | odiv the Demonspawn Wanderer began the quest for the Orb.
     0 | D:1      | odiv set off with the following items: a +0 dagger, 2
                  | atropa-tipped darts, 2 datura-tipped darts, a +0 hand axe,
                  | a +0 pair of gloves, a potion of berserk rage, a +0 robe.
     0 | D:1      | Reached XP level 1. HP: 15/15 MP: 1/1
   997 | D:2      | Noticed Sigmund
  1000 | D:2      | Gained mutation: You are partially covered in icy blue
                  | scales. (AC +2) [demonic ancestry]
  1000 | D:2      | Reached XP level 2. HP: 22/22 MP: 2/2
  1014 | D:2      | Slain by Sigmund

Illustrated notes

Levels and vault maps discovered:
D:1:      lemuel_arrival_rhombus, layout_loops_ring
D:2:      layout_basic, uniq_sigmund

Skill      XL: |  1 |
---------------+----+-----
Fighting       | 2 |  2.1
Axes           | |  1.0
Armour         | |  2.6
Dodging        | |  1.0
Stealth        | |  2.6
Evocations     | |  1.0

Action                   || total
-------------------------++-------
Melee: Dagger            ||    23
       Hand axe          ||    11
  Use: Potion            ||     1
 Stab: Sleeping          ||     4
Armor: Robe              ||    13
Dodge: Dodged            ||    19
